 Dungeon Crawl Stone Soup version 0.31.0-4-g52a2dc7128 (webtiles) character file.

Game seed: 5062040540133225430

112 Hopman the Apothecary (level 4, -1/38 HPs)
             Began as a Naga Alchemist on Jan 22, 2024.
             Slain by a gnoll
             ... wielding a +0 whip
              (9 damage)
             ... on level 3 of the Dungeon.
             The game lasted 00:08:21 (1428 turns).

Hopman the Apothecary (Naga Alchemist)              Turns: 1428, Time: 00:08:22

Health: -1/38      AC:  2    Str: 10    XL:     4   Next: 95%
Magic:  5/8        EV: 10    Int: 17    God:
Gold:   66         SH:  0    Dex: 12    Spells: 5/8 levels left

rFire   . . .        e - +2 dagger (freeze)
rCold   . . .        (no shield)
rNeg    . . .        a - +0 robe
rPois   +            (no helmet)
rElec   .            (no cloak)
rCorr   .            (no gloves)
SInv    +            (no barding)
Will    .....        (no amulet)
Stlth   ++           (no ring)
HPRegen 0.26/turn    (no ring)
MPRegen 0.11/turn

%: no passive effects
@: very slow
A: AC +1, large, see invisible, deformed body, poison resistance, slowness 2,
spit poison 1, naga tail 1
a: Spit Poison


You were on level 3 of the Dungeon.
You visited 1 branch of the dungeon, and saw 3 of its levels.

You collected 66 gold pieces.

Inventory:

Hand Weapons
 e - a +2 dagger of freezing (weapon)
Armour
 a - a +0 robe (worn)
 i - a +0 plate armour
Scrolls
 c - 2 scrolls of identify
 d - a scroll of enchant weapon {unknown}
 f - a scroll of immolation {unknown}
 g - a scroll of vulnerability {unknown}
Potions
 b - a potion of magic
 h - a potion of curing {unknown}


   Skills:
 + Level 1.0 Fighting
 + Level 0.8 Short Blades
 + Level 0.5 Armour
 + Level 2.0 Dodging
 + Level 3.6 Stealth
 * Level 2.6 Spellcasting
 * Level 2.1 Conjurations
 * Level 4.3 Alchemy


You had 5 spell levels left.
You knew the following spells:

 Your Spells              Type           Power      Damage    Failure   Level
a - Sting                 Conj/Alch      52%        1d6       4%          1
b - Mercury Vapours       Alch/Air       18%        N/A       11%         2

Your spell library contained the following spells:

 Spells                   Type           Power      Damage    Failure   Level
 Mephitic Cloud           Conj/Alch/Air  9%         N/A       22%         3
 Olgreb's Toxic Radiance  Alch           17%        N/A       30%         4
 Sticky Flame             Fire/Alch      9%         2d5       58%         4
 Summon Forest            Summ/Tloc      1%         N/A       99%         5
 Eringya's Noxious Bog    Alch           8%         4d6       99%         6
 Summon Hydra             Summ           1%         N/A       100%        7


Dungeon Overview and Level Annotations

Branches:
Dungeon (2/15)

Altars:


Innate Abilities, Weirdness & Mutations

Your serpentine skin is tough. (AC +1)
You have supernaturally acute eyesight. (SInv)
Armour fits poorly on your strangely shaped body.
Your system is resistant to poisons. (rPois)
You cover ground very slowly.
You can spit poison.
You have a snake-like lower body.


Message History

You hit the gnoll. You freeze the gnoll.
You kill the gnoll!
Your Fighting skill increases to level 1!
A gnoll comes into view. It is wielding a +0 flail.
Things that are here:
a +0 flail; a gnoll corpse
Items here: ))) ††.
Things that are here:
a +0 ring mail; a jackal corpse
Casting: Sting (safe; 4% risk of failure)
Confirm with . or Enter, or press ? or * to list all spells.
Aiming: Sting (safe; 4% risk of failure)
Press: ? - help, Shift-Dir - straight line, f - gnoll
Aim: a gnoll, wielding a +0 whip (75% to hit)
The sting misses the gnoll.
The gnoll hits you but does no damage.
Casting: Sting (safe; 4% risk of failure)
Confirm with . or Enter, or press ? or * to list all spells.
Aiming: Sting (safe; 4% risk of failure)
Press: ? - help, Shift-Dir - straight line, f/p - gnoll
Aim: a gnoll, wielding a +0 whip (75% to hit)
The sting hits the gnoll.
The gnoll is poisoned.
The gnoll is moderately wounded.
The gnoll hits you with a +0 whip.
Casting: Sting (safe; 4% risk of failure)
Confirm with . or Enter, or press ? or * to list all spells.
Aiming: Sting (safe; 4% risk of failure)
Press: ? - help, Shift-Dir - straight line, f/p - gnoll
Aim: a gnoll, wielding a +0 whip (heavily wounded, poisoned, 75% to hit)
The sting hits the gnoll.
The gnoll looks even sicker.
The gnoll is severely wounded.
The gnoll hits you with a +0 whip!
* * * LOW HITPOINT WARNING * * *
Okay, then.
You barely miss the gnoll. Your punch misses the gnoll.
The gnoll is severely wounded.
The gnoll barely misses you.
You closely miss the gnoll.
The gnoll is severely wounded.
The gnoll hits you with a +0 whip!
You die...

#. . #.... # #. #..## #...#
.#.#...... #...# #... ...##
#...# ##.## ..
#####...#########...## ...
..............##.#...##....
................###........
.........g@...#..#...##....
#####...#######.#....##....
### ##.#.## #....#.# .
...#....[# #....#.# ###
###.#.###)# #....#.###.##
#..$..# #)# #......##....
#.#.#.# #.# ##...#####.##
#.........# #...#####.##
......#g..### #......#)..#


You could see a gnoll (very poisoned).

Vanquished Creatures
  Jessica (D:3)
  An adder (D:3)
  2 gnolls (D:3)
  3 dart slugs
  5 ball pythons
  3 endoplasms
  2 giant cockroaches (D:1)
  7 goblins
  5 hobgoblins
  7 jackals
  3 kobolds
  4 bats
  A frilled lizard (D:1)
  4 rats
48 creatures vanquished.

Notes
Turn   | Place    | Note
-------+----------+-------------------------------------------
     0 | D:1      | Hopman the Naga Alchemist began the quest for the Orb.
     0 | D:1      | Reached XP level 1. HP: 15/15 MP: 3/3
   164 | D:1      | Reached XP level 2. HP: 22/22 MP: 1/5
   443 | D:1      | Learned a level 2 spell: Mercury Vapours
   526 | D:1      | Reached XP level 3. HP: 26/28 MP: 3/6
   953 | D:2      | Reached skill level 4 in Alchemy
  1191 | D:2      | You fall into a shaft and drop 1 floor!
  1242 | D:3      | Noticed Jessica
  1250 | D:3      | Killed Jessica
  1251 | D:3      | Reached XP level 4. HP: 28/37 MP: 7/7
  1416 | D:3      | Reached skill level 1 in Fighting
  1428 | D:3      | Slain by a gnoll

Illustrated notes

Levels and vault maps discovered:
D:1:      moated_graveyard_arrival, layout_basic
D:2:      layout_loops_ring, shapermc_ecumenical_altar_rom_forum,
          minmay_quadrilaterals
D:3:      layout_loops_cross, nrook_loot_triangle, uniq_jessica

Skill      XL: |  1  2  3  4 |
---------------+-------------+-----
Alchemy        | 4 |  4.3
Conjurations   | 2 |  2.1
Dodging        | 2 |  2.0
Fighting       | 1 |  1.0
Short Blades   | |  0.8
Armour         | |  0.5
Stealth        | |  3.6
Spellcasting   | |  2.6

Action                     |  1- 3 |  4- 6 || total
---------------------------+-------+-------++-------
  Melee: Dagger            |    26 |    40 ||    66
         Punch             |       |     1 ||     1
   Cast: Sting             |    39 |     8 ||    47
         Mercury Vapours   |     1 |     2 ||     3
    Use: Scroll            |     1 |       ||     1
 Armour: Robe              |    48 |    18 ||    66
         Plate armour      |    33 |    11 ||    44
  Dodge: Dodged            |    40 |    27 ||    67
